AoeStats
← tu_mama_en_tanga

Arena

510760597Analyzed
1v1 RM · 1d ago on Oct 2, 2026· 32m 11s· 2 players
Game mode
Random Map
Map size
Tiny (2 player)
Population
200
Speed
Normal
Resources
Standard
Victory
Conquest
Starting age
Dark Age
Ending age
Imperial Age
RankedLock teamsTeams togetherTeam positionsShared explorationLock speedFull tech treeHidden civsTurbo modeCheats
Victory
Defeat
🇫🇷 Vietnamese · France
1069
+14
🇦🇷 Turks · Argentina
1028
-14
tu_mama_en_tanga
12:37 Feudal Age
16:52 Castle Age
22:33 Imperial Age
24:19 Padded Archer Armor
Timo
10:38 Feudal Age
15:02 Castle Age
16:30 Double-Bit Axe
21:03 Bow Saw
24:54 Ballistics
25:13 Gold Mining
25:45 Horse Collar
28:46 Imperial Age
26:58 Wheelbarrow
26:27 Heavy Plow
26:23 Fletching
26:22 Crossbowman
26:59 Stone Mining
27:57 Bodkin Arrow
28:35 Thumb Ring
28:59 Arbalester
30:20 Bracer
30:21 Padded Archer Armor
32:21 Chemistry
Connection lost

Rejoining the realm…

Still unreachable

The connection could not be restored.

Session expired

The server has moved on; the page needs a fresh start.